 Dungeon Crawl Stone Soup version 0.30.0-15-g856e2d3f33 (webtiles) character file.

Game seed: 8102353992929856201

1743 qw the Cleaver (level 9, -1/55 HPs)
             Began as a Gargoyle Cinder Acolyte on May 18, 2023.
             Was a Priest of Ignis.
             Killed by nerve-wracking pain
             ... invoked by Grinder
              (3 damage)
             ... on level 5 of the Dungeon.
             The game lasted 00:02:54 (4093 turns).

qw the Cleaver (Gargoyle Cinder Acolyte)            Turns: 4093, Time: 00:02:55

Health: -1/55      AC: 25    Str: 20 (22) XL:     9   Next: 6%
Magic:  0/10       EV: 10    Int: 15      God:    Ignis [***...]
Gold:   278        SH:  0    Dex:  5      Spells: 10/10 levels left

rFire   + . .        Y - -1 hand axe (flame)
rCold   + . .        (no shield)
rNeg    + . .        f - +4 ring mail
rPois   inf          (no helmet)
rElec   +            i - +0 cloak
rCorr   .            (no gloves)
SInv    .            j - +0 pair of boots
Will    +....        g - amulet of guardian spirit Stlth
                     h - ring of protection from cold
HPRegen 0.29/turn    l - ring of willpower
MPRegen 0.12/turn

%: guardian spirit
@: fiery-armoured
A: sickness immunity, AC +6, negative energy resistance 1, electricity
resistance, torment resistance 1, petrification resistance
a: Renounce Religion, Fiery Armour, Foxfire Swarm, Rising Flame


You were on level 5 of the Dungeon.
You worshipped Ignis.
Ignis was most pleased with you.
You visited 1 branch of the dungeon, and saw 7 of its levels.

You collected 278 gold pieces.


Innate Abilities, Weirdness & Mutations

You are immune to sickness and miasma.
Your stone body is resilient. (AC +6)
You are immune to poison.
You resist negative energy. (rN+)
You are resistant to electric shocks. (rElec)
You are resistant to unholy torment.
You are immune to petrification.


   Skills:
 - Level 6.0 Fighting
 - Level 9.2 Axes
 - Level 1.7 Throwing
 - Level 2.8 Armour
 + Level 0.6 Dodging
 - Level 1.0 Spellcasting
 - Level 3.0 Fire Magic


You had 10 spell levels left.
You didn't know any spells.
Your spell library contained the following spells:

 Spells                   Type           Power      Damage    Failure   Level
 Scorch                   Fire           18%        2d5       19%         2

Inventory:

Hand Weapons
 Y - a -1 hand axe of flaming (weapon)
Armour
 f - a +4 ring mail (worn)
 i - a +0 cloak (worn)
 j - a +0 pair of boots (worn)
Jewellery
 g - an amulet of guardian spirit (around neck)
 h - a ring of protection from cold (left hand)
 l - a ring of willpower (right hand)
 p - a ring of positive energy
Wands
 d - a wand of digging (11)
Scrolls
 a - 3 scrolls of teleportation
 k - 2 scrolls of identify
Potions
 b - 2 potions of curing
 c - 2 potions of might
 m - a potion of mutation

Dungeon Overview and Level Annotations

Branches:
Dungeon (7/15)             Temple (0/1) D:4

Altars:
Fedhas
Gozag
Hepliaklqana
Okawaru

Annotations:
D:3 1 runed translucent door, qw's ghost, amateur GrCA
D:5 Duvessa; Grinder


Message History

Grinder gestures at you. Pain shoots through your body! Duvessa misses you.
You feel your dexterity returning.
You closely miss Duvessa.
Duvessa is lightly wounded.
Duvessa hits you with a +0 short sword!
Duvessa is burned by your cloak of flames.
Duvessa is lightly wounded.
You hit Duvessa but do no damage.
Duvessa is lightly wounded.
You barely miss Grinder. Duvessa hits you but does no damage.
Duvessa is burned by your cloak of flames.
Duvessa is lightly wounded.
Grinder hits you but does no damage.
Grinder is burned by your cloak of flames.
Grinder is lightly wounded.
You hit Grinder. You burn Grinder.
Grinder is moderately wounded.
You hit Duvessa. You burn Duvessa. Duvessa hits you but does no damage.
Duvessa is burned by your cloak of flames.
Duvessa is moderately wounded.
Grinder closely misses you.
4092 ||| INVOKING Fiery Armour.
Your cloak of flame flares fiercely!
Duvessa barely misses you. Duvessa hits you with a +0 short sword!
Duvessa is burned by your cloak of flames.
Duvessa is moderately wounded.
Grinder hits you.
You writhe in agony.
Grinder is burned by your cloak of flames.
Grinder is heavily wounded.
You hit Grinder. You burn Grinder.
Grinder is heavily wounded.
You hit Duvessa. You burn Duvessa. Duvessa hits you with a +0 short sword!
Duvessa is burned by your cloak of flames.
Duvessa is severely wounded.
Grinder gestures at you. Pain shoots through your body!
You die...

#+### ......
########
......##......#
.............#
.......<.....#
#########.....#
#...... #....##
.......##....##.#.
......e@...........
#.....)5.........<.
#..................
..........$.....###
................#
..................
#.................
#.................
..............#


You could see Grinder and Duvessa (berserk).

Vanquished Creatures
  A steam dragon (D:6)
  Menkaure (D:5)
  An ice beast (D:6)
  2 black bears
  A sky beast (D:7)
  An ogre (D:4)
  A kobold brigand (D:6)
  7 scorpions
  Dowan (D:5)
  2 orc priests (D:5)
  2 hounds
  An iguana (D:6)
  Jessica (D:3)
  Ijyb (D:3)
  Terence (D:2)
  A sleepcap (D:7)
  3 orc wizards
  6 adders
  A shadow imp (D:5)
  An ufetubus (D:4)
  3 adder skeletons (D:2)
  An adder zombie (D:2)
  2 worms (D:2)
  3 dart slugs
  6 orcs (D:4)
  A bat skeleton (D:2)
  6 endoplasms
  5 giant cockroaches
  5 goblins
  11 hobgoblins
  8 jackals
  6 quokkas
  2 ball pythons
  A ball python skeleton (D:2)
  A ball python zombie (D:2)
  7 bats
  5 frilled lizards
  14 kobolds
  A quokka zombie (D:2)
  16 rats
140 creatures vanquished.

Notes
Turn   | Place    | Note
-------+----------+-------------------------------------------
     0 | D:1      | qw the Gargoyle Cinder Acolyte began the quest for the Orb.
     0 | D:1      | Reached XP level 1. HP: 14/14 MP: 2/2
     0 | D:1      | 0 ||| qw: Version: 0.2-a-95-gc95f03d
     0 | D:1      | 0 ||| qw: Game counter: 67
     0 | D:1      | 0 ||| qw: Always use a shield: true
     0 | D:1      | 0 ||| qw: God list: Okawaru
     0 | D:1      | 0 ||| qw: Allow faded altars: false
     0 | D:1      | 0 ||| qw: Do Orc after D:15 true
     0 | D:1      | 0 ||| qw: Do second Lair branch before Depths: true
     0 | D:1      | 0 ||| qw: Lair rune preference: random
     0 | D:1      | 0 ||| qw: Plans: Normal
     0 | D:1      | 0 ||| PLANNING D:1-11
   158 | D:1      | Reached skill level 3 in Axes
   324 | D:1      | Reached XP level 2. HP: 19/19 MP: 3/3
   645 | D:1      | 645 ||| UPGRADING to +4 ring mail.
   655 | D:1      | 655 ||| DROPPING +0 robe.
   656 | D:1      | 656 ||| UPGRADING to +0 cloak.
   661 | D:1      | 661 ||| READING scroll labelled BEPPI PEODOL.
   662 | D:1      | 662 ||| READING scroll labelled BEFFOLL JOSIE.
   663 | D:1      | 663 ||| READING scroll labelled KOBRYU KOER.
   664 | D:1      | 664 ||| READING scroll labelled FEDUUN LAETH.
   701 | D:2      | 701 ||| Stepping ~*~*~tactically~*~*~ (stealth).
   702 | D:2      | 702 ||| Stepping ~*~*~tactically~*~*~ (stealth).
   706 | D:2      | 706 ||| Stepping ~*~*~tactically~*~*~ (hiding).
   717 | D:2      | Reached skill level 1 in Armour
   717 | D:2      | Reached XP level 3. HP: 23/23 MP: 4/4
   723 | D:2      | Noticed Terence
   736 | D:2      | Killed Terence
   737 | D:2      | Reached skill level 4 in Axes
   752 | D:2      | Reached XP level 4. HP: 28/28 MP: 5/5
  1225 | D:2      | 1225 ||| Stepping ~*~*~tactically~*~*~ (stealth).
  1331 | D:2      | Reached XP level 5. HP: 31/32 MP: 6/6
  1422 | D:2      | 1422 ||| UPGRADING to amulet of guardian spirit.
  1427 | D:2      | 1427 ||| READING scroll labelled ASCHIE UKLISIO.
  1428 | D:2      | 1428 ||| READING scroll labelled TAFUQI MUNUFI.
  1429 | D:2      | 1429 ||| READING 2 scrolls labelled TUPAOX OMPO.
  1430 | D:2      | 1430 ||| READING 3 scrolls labelled HEHIEN RYOFAOT.
  1431 | D:2      | 1431 ||| DRINKING 3 white potions.
  1432 | D:2      | 1432 ||| DRINKING 3 cyan potions.
  1433 | D:2      | 1433 ||| DROPPING 2 potions of flight.
  1434 | D:2      | 1434 ||| DROPPING scroll of magic mapping.
  1435 | D:2      | 1435 ||| DROPPING 2 scrolls of butterflies.
  1528 | D:3      | Noticed Ijyb
  1555 | D:3      | Killed Ijyb
  1556 | D:3      | Reached skill level 5 in Axes
  1650 | D:3      | Found a faded altar of an unknown god.
  1700 | D:3      | Noticed Jessica
  1718 | D:3      | Killed Jessica
  1719 | D:3      | Reached XP level 6. HP: 38/38 MP: 7/7
  1805 | D:3      | Found a runed translucent door.
  1805 | D:3      | Noticed qw's ghost (amateur GrCA)
  1856 | D:3      | 1856 ||| Stepping ~*~*~tactically~*~*~ (stealth).
  2364 | D:3      | 2364 ||| UPGRADING to ring of protection from cold.
  2365 | D:3      | 2365 ||| UPGRADING to ring of willpower.
  2366 | D:3      | 2366 ||| DRINKING 3 fuming purple potions.
  2367 | D:3      | 2367 ||| READING 4 scrolls of identify.
  2367 | D:3      | 2367 ||| IDENTIFYING puce potion
  2368 | D:3      | 2368 ||| READING 3 scrolls of identify.
  2368 | D:3      | 2368 ||| IDENTIFYING lumpy puce potion
  2369 | D:3      | 2369 ||| DROPPING potion of berserk rage.
  2417 | D:4      | 2417 ||| Stepping ~*~*~tactically~*~*~ (stealth).
  2418 | D:4      | 2418 ||| Stepping ~*~*~tactically~*~*~ (stealth).
  2449 | D:4      | 2449 ||| INVOKING Fiery Armour.
  2450 | D:4      | Reached skill level 6 in Axes
  2509 | D:4      | 2509 ||| Stepping ~*~*~tactically~*~*~ (stealth).
  2519 | D:4      | 2519 ||| Stepping ~*~*~tactically~*~*~ (stealth).
  2520 | D:4      | 2520 ||| Stepping ~*~*~tactically~*~*~ (stealth).
  2521 | D:4      | 2521 ||| Stepping ~*~*~tactically~*~*~ (stealth).
  2584 | D:4      | 2584 ||| Stepping ~*~*~tactically~*~*~ (stealth).
  2592 | D:4      | 2592 ||| Stepping ~*~*~tactically~*~*~ (hiding).
  2597 | D:4      | 2597 ||| INVOKING Fiery Armour.
  2701 | D:4      | Reached XP level 7. HP: 39/43 MP: 8/8
  2798 | D:4      | 2798 ||| Stepping ~*~*~tactically~*~*~ (stealth).
  2929 | D:4      | Reached skill level 7 in Axes
  2932 | D:4      | 2932 ||| Stepping ~*~*~tactically~*~*~ (stealth).
  3063 | D:4      | Found a staircase to the Ecumenical Temple.
  3084 | D:4      | Identified the +2 robe of the Shrieking Grue {rC+ Str+2
                  | Slay+3}
  3088 | D:4      | You fall into a shaft and drop 3 floors!
  3232 | D:7      | Found an opulent altar of Gozag.
  3233 | D:7      | Found a hazy altar of Hepliaklqana.
  3233 | D:7      | Found an iron altar of Okawaru.
  3276 | D:7      | Reached skill level 1 in Throwing
  3276 | D:7      | Reached XP level 8. HP: 48/50 MP: 9/9
  3344 | D:7      | 3344 ||| Stepping ~*~*~tactically~*~*~ (stealth).
  3392 | D:7      | 3392 ||| UPGRADING to +0 pair of boots.
  3397 | D:7      | 3397 ||| READING scroll labelled ADYQUIG MIKE.
  3398 | D:7      | 3398 ||| READING scroll labelled ESHREU LUCZO.
  3399 | D:7      | 3399 ||| READING 3 scrolls of identify.
  3399 | D:7      | 3399 ||| IDENTIFYING blue potion
  3400 | D:7      | 3400 ||| DROPPING potion of invisibility.
  3422 | D:6      | 3422 ||| Stepping ~*~*~tactically~*~*~ (stealth).
  3424 | D:6      | 3424 ||| Stepping ~*~*~tactically~*~*~ (hiding).
  3426 | D:6      | 3426 ||| Stepping ~*~*~tactically~*~*~ (hiding).
  3456 | D:6      | Found a blossoming altar of Fedhas.
  3480 | D:6      | Reached skill level 8 in Axes
  3493 | D:6      | Reached skill level 6 in Fighting
  3630 | D:6      | 3630 ||| DRINKING 2 ruby potions.
  3631 | D:6      | 3631 ||| DROPPING potion of degeneration.
  3640 | D:5      | Entered Level 5 of the Dungeon
  3657 | D:5      | 3657 ||| INVOKING Fiery Armour.
  3934 | D:4      | 3934 ||| DROPPING ring of flight.
  3969 | D:5      | Noticed Menkaure
  3970 | D:5      | 3970 ||| Stepping ~*~*~tactically~*~*~ (hiding).
  3971 | D:5      | 3971 ||| Stepping ~*~*~tactically~*~*~ (hiding).
  3972 | D:5      | 3972 ||| Stepping ~*~*~tactically~*~*~ (hiding).
  3974 | D:5      | 3974 ||| Stepping ~*~*~tactically~*~*~ (hiding).
  3982 | D:5      | 3982 ||| INVOKING Fiery Armour.
  3985 | D:5      | Killed Menkaure
  3986 | D:5      | Reached skill level 9 in Axes
  3986 | D:5      | Reached XP level 9. HP: 27/55 MP: 4/10
  4082 | D:5      | Noticed Duvessa
  4082 | D:5      | Noticed Dowan
  4083 | D:5      | Noticed Grinder
  4088 | D:5      | Killed Dowan
  4092 | D:5      | 4092 ||| INVOKING Fiery Armour.
  4093 | D:5      | HP: 2/55 [Duvessa/+0 short sword (12)]
  4093 | D:5      | Killed from afar by Grinder

Levels and vault maps discovered:
D:1:      dpeg_arrival_brainrot, layout_basic, minmay_rat_gold_closets
D:2:      layout_loops_ring, serial_undead, serial_undead_a, serial_undead_d,
          serial_undead_c, serial_undead_e, kennysheep_generic_room_6,
          uniq_terence
D:3:      minmay_spotlight, layout_basic, gammafunk_ghost_grave,
          hellmonk_ecumenical_altar_heavens_door, minmay_misc_feat_nine_boxes,
          nicolae_kite_square_tiling_tiny, uniq_jessica, uniq_ijyb
D:4:      layout_loops_ring, minmay_temple_entry_overgrown
D:5:      layout_gridville, grunt_temple_overflow_magic_moments, uniq_duvessa,
          uniq_grinder, uniq_menkaure, uniq_pikel
D:6:      nicolae_BIG_FREAKIN_CUBE, layout_layer_cave,
          mainiacjoe_overflow_cross_hatched,
          mainiacjoe_overflow_concentric_impassable,
          nicolae_concentric_dashed_squares_wild
D:7:      layout_basic, grunt_dithmenos_smoke_and_mirrors,
          grunt_temple_overflow_open, st_stairs_7

Skill      XL: |  1  2  3  4  5  6  7  8 |
---------------+-------------------------+-----
Axes           | 3 4 5 6 7 9 |  9.2
Armour         | 1 2 |  2.8
Fighting       | 4 5 6 |  6.0
Throwing       | 1 |  1.7
Dodging        | |  0.6
Spellcasting   | |  1.0
Fire Magic     | |  3.0

Action                     |  1- 3 |  4- 6 |  7- 9 || total
---------------------------+-------+-------+-------++-------
  Melee: Hand axe          |    85 |   269 |   212 ||   566
         Punch             |       |     4 |     2 ||     6
  Throw: Boomerang         |       |    43 |    39 ||    82
 Invoke: Fiery Armour      |       |     2 |     3 ||     5
    Use: Scroll            |     4 |     6 |     3 ||    13
         Potion            |       |     3 |     1 ||     4
 Armour: Robe              |    10 |       |       ||    10
         Ring mail         |    16 |   130 |   111 ||   257
  Dodge: Dodged            |    36 |   141 |   106 ||   283

Table legend:
 A = Non-vault XP
 B = Vault XP
 C = Vault XP percentage of total XP
 D = Non-vault monster count
 E = Vault monster count
 F = Vault count percentage of total count
                 A         B        C        D         E       F
            +---------+---------+-------+---------+---------+-------
      Total |    2103 |     388 |  15.6 |     111 |      29 |  20.7
            +---------+---------+-------+---------+---------+-------
        D:1 |      15 |      10 |  40.0 |      10 |      10 |  50.0
        D:2 |      70 |      70 |  50.0 |      23 |      13 |  36.1
        D:3 |     127 |      77 |  37.7 |      21 |       4 |  16.0
        D:4 |     546 |       0 |   0.0 |      32 |       0 |   0.0
        D:5 |     306 |     231 |  43.0 |       8 |       2 |  20.0
        D:6 |     456 |       0 |   0.0 |      10 |       0 |   0.0
        D:7 |     583 |       0 |   0.0 |       7 |       0 |   0.0
            +---------+---------+-------+---------+---------+-------
